 Dungeon Crawl Stone Soup version 0.28.0-47-ge53b351184 (webtiles) character file.

Game seed: 6279780599339894853

17020 CryoSword the Destroyer (level 11, -2/91 HPs)
             Began as a Demigod Conjurer on May 5, 2022.
             Slain by a slime creature (10 damage)
             ... on level 12 of the Dungeon.
             The game lasted 00:30:16 (16634 turns).

CryoSword the Destroyer (Demigod Conjurer)         Turns: 16634, Time: 00:30:16

Health: -2/91      AC: 12    Str:  8    XL:     11   Next: 87%
Magic:  5/33       EV: 28    Int: 23    God:
Gold:   649        SH:  0    Dex: 20    Spells: 4/22 levels left

rFire   . . .      SeeInvis .   a - staff of conjuration
rCold   . . .      Faith    .   (no shield)
rNeg    + + +      Spirit   .   K - +0 acid dragon scales
rPois   .          Reflect  .   t - +0 helmet
rElec   .          Harm     .   p - +1 cloak {Stlth+}
rCorr   +          Rampage  .   J - +0 pair of gloves "Seczom" {rN+++ Will++ Str-4 Int-5}
Will    +++..                   q - +0 pair of boots
Stlth   ++........              g - amulet of the acrobat
HPRegen 0.25/turn               m - ring "Seiqekh" {rCorr Dex+8}
MPRegen 0.23/turn               I - ring of magical power

@: acrobatic, very slightly contaminated, slowed, very slow
A: high MP 1, forlorn, divine attributes
a: no special abilities


You were on level 12 of the Dungeon.
You visited 1 branch of the dungeon, and saw 12 of its levels.
You also visited: Bailey.

You collected 789 gold pieces.
You spent 140 gold pieces at shops.

Inventory:

Hand Weapons
 w - the +8 long sword "Hismitha" {holy, Fly Int+3}
   (You found it on level 7 of the Dungeon)

   It has been blessed by the Shining One to cause great damage to the undead
   and demons.
   Int:       It affects your intelligence (+3).
   Fly:       It grants you flight.
Missiles
 c - 26 poisoned darts (quivered)
 r - 26 boomerangs
 s - 5 atropa-tipped darts
Armour
 d - a scarf of resistance
   (You found it on level 3 of the Dungeon)
 p - a +1 cloak of stealth (worn)
   (You took it off Crazy Yiuf on level 3 of the Dungeon)
 q - a +0 pair of boots (worn)
   (You found it on level 4 of the Dungeon)
 t - a +0 helmet (worn)
   (You took it off Robin on level 4 of the Dungeon)
 J - the +0 pair of gloves "Seczom" (worn) {rN+++ Will++ Str-4 Int-5}
   (You acquired it on level 11 of the Dungeon)

   Str:       It affects your strength (-4).
   Int:       It affects your intelligence (-5).
   rN:        It renders you almost immune to negative energy.
   Will:      It greatly increases your willpower.
 K - +0 acid dragon scales (worn)
   (You found it on level 11 of the Dungeon)
Magical Staves
 a - a staff of conjuration (weapon)
   (You acquired it on level 11 of the Dungeon)
Jewellery
 g - an amulet of the acrobat (around neck)
   (You found it on level 5 of the Dungeon)
 m - the ring "Seiqekh" (left hand) {rCorr Dex+8}
   (You found it on level 3 of the Dungeon)

   [ring of resist corrosion]

   Dex:       It affects your dexterity (+8).
   rCorr:     It protects you from acid and corrosion.
 I - a ring of magical power (right hand)
   (You found it on level 10 of the Dungeon)
Wands
 k - a wand of iceblast (20)
   (You found it on level 2 of the Dungeon)
 v - a wand of mindburst (8)
   (You found it on level 9 of the Dungeon)
 H - a wand of digging (4)
   (You took it off Maurice on level 10 of the Dungeon)
Scrolls
 f - 3 scrolls of teleportation {@r4}
 h - a scroll of summoning {unknown}
 n - 8 scrolls of fog
 u - 5 scrolls of enchant weapon
 x - a scroll of brand weapon {unknown}
 y - 2 scrolls of blinking {unknown}
 B - 2 scrolls of fear
 D - 2 scrolls of magic mapping
 E - a scroll of vulnerability {unknown}
 L - 3 scrolls of immolation {!r}
Potions
 b - 5 potions of curing {@q1}
 e - 7 potions of might
 i - a potion of brilliance
 j - 2 potions of haste {@q3}
 l - a potion of mutation {!q}
 z - a potion of lignification {!q}
 A - 2 potions of resistance
 F - a potion of invisibility
 G - a potion of cancellation {unknown}


   Skills:
 + Level 6.5 Fighting
 - Level 9.1 Long Blades
 + Level 0.7 Staves
 + Level 3.1 Armour
 - Level 4.0 Dodging
 - Level 4.0 Stealth
 + Level 6.3 Spellcasting
 * Level 10.2 Conjurations
 + Level 5.4 Hexes
 + Level 1.2 Translocations
 + Level 0.7 Evocations


You had 4 spell levels left.
You knew the following spells:

 Your Spells              Type           Power      Damage    Failure   Level
a - Searing Ray           Conj           100%       2d8       1%          2
b - Dazzling Flash        Conj/Hex       100%       N/A       1%          3
c - Fulminant Prism       Conj/Hex       30%        3d16      5%          4
d - Iskenderun's Mystic   Conj/Tloc      50%        2d11      13%         4
F - Cause Fear            Hex            16%        N/A       16%         4
M - Magic Dart            Conj           100%       1d8       1%          1

Your spell library contained the following spells:

 Spells                   Type           Power      Damage    Failure   Level
 Freeze                   Ice            28%        1d5       14%         1
 Inner Flame              Hex/Fire       19%        N/A       14%         3
 Hailstorm                Conj/Ice       46%        3d11      17%         4
 Frozen Ramparts          Ice            14%        1d3       38%         3
 Freezing Cloud           Conj/Ice/Air   17%        6-21      67%         5
 Simulacrum               Ice/Necr       3%         N/A       100%        6
 Discord                  Hex            16%        N/A       100%        8
 Chain Lightning          Conj/Air       23%        3d30      100%        9
 Fire Storm               Conj/Fire      23%        8d6       100%        9
 Polar Vortex             Ice            3%         N/A       100%        9
 Shatter                  Erth           3%         3d7*      100%        9


Dungeon Overview and Level Annotations

Branches:
Dungeon (12/15)            Temple (0/1) D:6            Lair (0/6) D:10
    Orc (0/2) D:11         Bailey (visited)

Shops:
D:7 *

Annotations:
D:4 Sigmund


Innate Abilities, Weirdness & Mutations

You have an increased reservoir of magic. (+10% MP)
You shall have no god before yourself.
Your divine heritage dramatically boosts your attributes as you level up.


Message History

The stone arrow hits you!
You feel a surge of power!
You conjure a prism of explosive energy!
A fulminant prism comes into view.
You feel a surge of power!
You conjure a prism of explosive energy!
A fulminant prism comes into view.
Your fulminant prism crackles loudly.
Okay, then.
You feel a surge of power!
Your fulminant prism crackles loudly.
You hit the gargoyle but do no damage. Your punch misses the gargoyle.
The gargoyle closely misses you.
The blast of energy engulfs the gargoyle!!
You destroy the gargoyle!
You climb upwards.
There is a stone staircase leading down here.
You start resting.
You start resting.
You climb downwards.
There is a stone staircase leading up, spattered with blood here.
You feel your magic capacity increase.
I - a ring of magical power (right hand)
You now have 634 gold pieces (gained 26).
Could not explore, unopened door.
Could not explore, unopened door.
Could not explore, unopened door.
You open the door.
There is an open door here.
You enter the shallow water.
Moving in this stuff is going to be slow.
You enter the shallow water.
Moving in this stuff is going to be slow.
You now have 649 gold pieces (gained 15).
You enter the shallow water.
Moving in this stuff is going to be slow.
Could not explore, unopened door.
Could not explore, unopened door.
You open the door.
A wraith and 2 slime creatures come into view.
There are monsters nearby!
There are monsters nearby!
A slime creature comes into view.
Found 17 gold pieces.
There is an open door here.
The slime creature quivers.
The wraith completely misses you.
The slime creature quivers.
You hit the slime creature but do no damage.
You blast the slime creature.
You punch the slime creature, but do no damage.
Two slime creatures merge to form a large slime creature.
The wraith misses you.
You hit the large slime creature but do no damage.
The wraith hits you. The wraith drains your vigour!
You feel yourself slow down.
Aim: a slime creature (asleep)
Okay, then.
Aim: a slime creature (asleep)
Okay, then.
The wraith misses you.
The large slime creature barely misses you.
There is an open door here.
You feel a surge of power!
You conjure a prism of explosive energy!
A fulminant prism comes into view.
The slime creature quivers.
A large slime creature splits.
The wraith barely misses you. The slime creature misses you.
The wraith hits you. The wraith drains your vigour!
You feel as though you will be slow longer.
You feel a surge of power!
You conjure a prism of explosive energy!
A fulminant prism comes into view.
The slime creature closely misses you. The wraith hits you.
The wraith drains your vigour!
You feel as though you will be slow longer.
Your fulminant prism crackles loudly.
The slime creature hits you!
You hit the slime creature.
You blast the slime creature!
Two slime creatures merge to form a large slime creature.
The wraith hits you but does no damage.
The blast of energy engulfs the wraith!!
The blast of energy engulfs the large slime creature!!
The slime creature hits you!
Your fulminant prism crackles loudly.
The wraith hits you!
The slime creature completely misses you.
You hit the wraith.
The blast of energy engulfs the wraith!!
You destroy the wraith!
The blast of energy engulfs the large slime creature!!!
The blast of energy engulfs the slime creature!!
The large slime creature misses you. The slime creature misses you.
The large slime creature hits you!!
* * * LOW HITPOINT WARNING * * *
The slime creature hits you but does no damage.
You feel a surge of power!
You erupt in a blast of force!
The mystic blast hits the slime creature!
The slime creature is knocked back by the mystic blast.
The mystic blast hits the large slime creature!
The large slime creature is knocked back by the mystic blast.
You feel a surge of power!
You erupt in a blast of force!
The mystic blast hits the slime creature!
The slime creature is knocked back by the mystic blast.
The slime creature slams into the rock wall!
The mystic blast hits the large slime creature!
The large slime creature is knocked back by the mystic blast.
You feel a surge of power!
You erupt in a blast of force!
The mystic blast hits the slime creature!
The slime creature is knocked back by the mystic blast.
The mystic blast hits the large slime creature!
The large slime creature is knocked back by the mystic blast.
You feel a surge of power!
You erupt in a blast of force!
The mystic blast hits the large slime creature!
The large slime creature is knocked back by the mystic blast.
You feel a surge of power!
You erupt in a blast of force!
The mystic blast hits the slime creature!
The slime creature is knocked back by the mystic blast.
The slime creature slams into the rock wall!
You kill the slime creature!
A large slime creature splits.
You feel a surge of power!
You miscast Iskenderun's Mystic Blast.
You are very lightly contaminated with residual magic.
You are caught in a violent explosion!
* * * LOW HITPOINT WARNING * * *
The slime creature hits you.
* * * LOW HITPOINT WARNING * * *
The slime creature closely misses you. x2
You feel a surge of power!
You miscast Iskenderun's Mystic Blast.
Nothing appears to happen.
The slime creature misses you. x2
The slime creature hits you!
* * * LOW HITPOINT WARNING * * *
The slime creature barely misses you.
The slime creature hits you but does no damage.
The slime creature completely misses you.
There is an open door, spattered with blood here.
Two slime creatures merge to form a large slime creature.
The large slime creature hits you.
* * * LOW HITPOINT WARNING * * *
You enter the shallow water.
Moving in this stuff is going to be slow.
A large slime creature splits.
The slime creature hits you!
* * * LOW HITPOINT WARNING * * *
The slime creature completely misses you. x2
The slime creature hits you!
You die...

#.#..#≈≈♣#
#.≈.≈#≈≈≈# .#
#...♣#♣≈♣#♣.#
#.≈≈..≈...≈.#
#.≈.≈≈♣..≈♣.##
##≈♣≈≈.♣≈.≈≈.#
#.≈♣.≈.♣≈≈..#
#.#≈.≈..≈...#
#.##≈@.≈≈≈..#
#######JJ.≈≈..#
.........###.#####
#######...........
###..###### ##.#
#.# #######'####
#..........#


You could see 2 slime creatures.

Vanquished Creatures
  An orc warlord (Bailey)
  A cyclops (D:11)
  An ugly thing (D:12)
  A manticore (D:11)
  Maurice (D:10)
  A gargoyle (D:12)
  A slime creature (D:12)
  2 shadows (D:11)
  A wyvern (D:10)
  3 wraiths
  12 yaks
  3 steam dragons
  2 acid dragons (D:11)
  2 water moccasins
  An ice beast (D:5)
  5 orc warriors
  4 black bears
  A hornet zombie (D:7)
  3 necrophages
  3 centaurs
  4 ogres
  A kobold brigand (D:10)
  3 bullfrogs
  A wyvern zombie (D:8)
  A troll zombie (D:11)
  4 wights (D:4)
  3 centaur zombies
  8 hounds
  2 jellies
  A bullfrog skeleton (D:5)
  A centaur skeleton (D:5)
  8 orc priests
  Crazy Yiuf (D:3)
  Jessica (D:2)
  7 iguanas
  6 orc wizards
  A killer bee zombie (D:8)
  5 ogre zombies (D:11)
  2 hound skeletons
  2 howler monkey zombies (D:6)
  Robin (D:4)
  4 adders (D:5)
  4 gnolls
  2 white imps (D:6)
  An ufetubus (D:5)
  A worm (D:2)
  2 dart slugs (D:1)
  29 orcs
  12 ball pythons
  7 endoplasms
  8 giant cockroaches
  23 goblins
  10 hobgoblins
  2 jackals (D:2)
  5 quokkas
  8 bats
  3 frilled lizards
  2 goblin skeletons (D:11)
  3 goblin zombies (D:11)
  3 hobgoblin zombies (D:11)
  23 kobolds
  An orc skeleton (D:11)
  10 orc zombies (D:11)
  3 rats
278 creatures vanquished.

Vanquished Creatures (others)
  20 fulminant prisms
  4 plants (D:8)
24 creatures vanquished.

Grand Total: 302 creatures vanquished

Notes
Turn   | Place    | Note
-------+----------+-------------------------------------------
     0 | D:1      | CryoSword the Demigod Conjurer began the quest for the Orb.
     0 | D:1      | Reached XP level 1. HP: 14/14 MP: 5/5
   326 | D:1      | Reached XP level 2. HP: 14/22 MP: 1/7
   608 | D:1      | Reached skill level 4 in Conjurations
   904 | D:1      | Reached skill level 1 in Fighting
  1030 | D:1      | Reached XP level 3. HP: 7/28 MP: 2/8
  1044 | D:1      | Learned a level 2 spell: Searing Ray
  1048 | D:1      | Learned a level 3 spell: Dazzling Flash
  2495 | D:2      | Noticed Jessica
  2506 | D:2      | Killed Jessica
  2507 | D:2      | Reached XP level 4. HP: 24/35 MP: 4/10
  2975 | D:3      | You fall into a shaft and drop 1 floor!
  3115 | D:3      | Found a runed translucent door.
  3116 | D:3      | Noticed Crazy Yiuf
  3283 | D:3      | Identified the ring "Seiqekh" {rCorr Dex+8}
  3958 | D:3      | Killed Crazy Yiuf
  3959 | D:3      | Reached XP level 5. HP: 41/41 MP: 3/12
  4291 | D:4      | Reached skill level 5 in Conjurations
  4686 | D:4      | Noticed Robin
  5142 | D:4      | Killed Robin
  5195 | D:4      | Learned a level 4 spell: Fulminant Prism
  5227 | D:4      | Noticed a black bear
  5249 | D:4      | Killed a black bear
  5250 | D:4      | Reached XP level 6. HP: 33/50 MP: 4/13
  5413 | D:4      | Reached skill level 6 in Conjurations
  5867 | D:4      | Noticed Sigmund
  6033 | D:5      | Entered Level 5 of the Dungeon
  6189 | D:5      | Reached XP level 7. HP: 54/57 MP: 9/15
  6420 | D:5      | Reached skill level 1 in Hexes
  7232 | D:5      | Reached XP level 8. HP: 30/66 MP: 11/17
  7486 | D:5      | Reached skill level 7 in Conjurations
  8541 | D:6      | Found a staircase to the Ecumenical Temple.
  9520 | D:7      | Reached XP level 9. HP: 72/72 MP: 9/19
  9765 | D:7      | Identified the +8 long sword "Hismitha" {holy, Fly Int+3}
  9792 | D:7      | Found Ytet's General Store.
  9897 | D:7      | Bought a scroll of noise for 14 gold pieces
  9897 | D:7      | Bought 2 scrolls of magic mapping for 98 gold pieces
  9897 | D:7      | Bought a scroll of identify for 28 gold pieces
 10168 | D:7      | Reached skill level 8 in Conjurations
 10692 | D:8      | Reached skill level 5 in Fighting
 10707 | D:8      | Reached skill level 5 in Spellcasting
 10847 | D:8      | Reached skill level 1 in Long Blades
 12550 | D:10     | Entered Level 10 of the Dungeon
 12651 | D:10     | Reached skill level 9 in Conjurations
 12658 | D:10     | Noticed Maurice
 12945 | D:10     | Reached XP level 10. HP: 80/83 MP: 12/22
 12949 | D:10     | Reached skill level 1 in Armour
 12966 | D:10     | Found a flagged portal.
 12990 | Bailey   | Entered a bailey
 13018 | Bailey   | Noticed an orc warlord
 13377 | Bailey   | Found a runed translucent gate.
 13384 | Bailey   | Found a runed translucent gate.
 13385 | Bailey   | Found a runed translucent gate.
 13733 | Bailey   | Killed an orc warlord
 13806 | D:10     | Reached XP level 11. HP: 89/89 MP: 12/23
 13878 | D:10     | Found a staircase to the Lair.
 14076 | D:10     | Killed Maurice
 14077 | D:10     | Reached skill level 5 in Hexes
 15082 | D:11     | Learned a level 4 spell: Iskenderun's Mystic Blast
 15087 | D:11     | Learned a level 4 spell: Cause Fear
 15226 | D:11     | Reached skill level 10 in Conjurations
 15410 | D:11     | Found a staircase to the Orcish Mines.
 15895 | D:11     | Identified 3 scrolls of acquirement
 15897 | D:11     | Acquired the +0 pair of gloves "Seczom" {rN+++ Will++ Str-4
                  | Int-5}
 15909 | D:11     | Acquired a staff of conjuration
 15911 | D:11     | Acquired a book of Annihilations
 16222 | D:12     | Reached skill level 1 in Translocations
 16634 | D:12     | Slain by a slime creature

Illustrated notes

Levels and vault maps discovered:
D:1:      lightli_iron_boxes, layout_basic
D:2:      layout_rooms, serial_corexii_hall, chequers_hall_statues_y,
          corexii_hall_statues_x, corexii_hall_statues_u,
          corexii_hall_statues_u, minmay_misc_feat_encased,
          minmay_misc_feat_plants, grunt_ministairs_13, uniq_jessica
D:3:      layout_loops_ring, basic_ecumenical_altar, kennysheep_small_spiral,
          uniq_crazy_yiuf_cottage
D:4:      layout_gridville, kennysheep_mini,
          mainiacjoe_overflow_small_starburst, grunt_decor_cap, uniq_sigmund,
          uniq_robin
D:5:      minmay_diamond_boxcup, layout_basic, mainiacjoe_overflow_catwalk
D:6:      layout_cave_pods, minmay_temple_entry_mist, minmay_puff
D:7:      layout_rooms, serial_shops, nicolae_lakefront_shop, nrook_mini_vaults,
          kennysheep_generic_room_13
D:8:      layout_rooms, serial_bayou_pond_b
D:9:      layout_layer_cave
D:10:     layout_stronghold, mainiacjoe_overflow_alcove_4,
          nicolae_overflow_hidden_temple, david_lair_generic, enter_bailey_5,
          uniq_maurice
D:11:     layout_roguey, zombieorc1_lemuel
D:12:     layout_roguey, chequers_serial_rivers_marsh,
          nemelex_diamond_rough_becter

Skill      XL: |  1  2  3  4  5  6  7  8  9 10 11 |
---------------+----------------------------------+-----
Spellcasting   | 2 3 4 5 6 |  6.3
Conjurations   | 4 5 6 7 9 10 | 10.2
Fighting       | 1 2 3 4 5 6 |  6.5
Stealth        | 2 4 |  4.0
Dodging        | 2 3 4 |  4.0
Hexes          | 1 3 4 5 |  5.4
Long Blades    | 2 8 9 |  9.1
Armour         | 2 3 |  3.1
Translocations | 1 |  1.2
Staves         | |  0.7
Evocations     | |  0.7

Action                   |  1- 3 |  4- 6 |  7- 9 | 10-12 || total
-------------------------+-------+-------+-------+-------++-------
Melee: Whip              |    38 |    33 |       |       ||    71
       Spear             |       |    19 |    37 |       ||    56
       Long sword        |       |       |    22 |   102 ||   124
       Staff             |       |       |       |     7 ||     7
       Punch             |       |       |       |     5 ||     5
 Cast: Magic Dart        |    48 |     7 |     5 |       ||    60
       Searing Ray       |    21 |    37 |    87 |    37 ||   182
       Fulminant Prism   |       |       |       |    20 ||    20
       Iskenderun's Myst |       |       |       |    19 ||    19
       Dazzling Flash    |       |       |       |     2 ||     2
  Use: Scroll            |       |     6 |     6 |     8 ||    20
       Potion            |       |       |     3 |     4 ||     7
 Stab: Sleeping          |     1 |     4 |     3 |     2 ||    10
       Distracted        |       |       |     1 |       ||     1
Armor: Robe              |    15 |    51 |    30 |       ||    96
       Ring mail         |       |       |    29 |    15 ||    44
       Acid dragon scale |       |       |       |    29 ||    29
Dodge: Dodged            |    56 |    93 |   182 |   167 ||   498
